Map: Orbital Shipyard

Players

TOP

  • Race: Terran Terran
  • League: Master

whaleslapper - Winner!

  • Race: Terran Terran
  • League: Grandmaster

Event: Lycan League Weekly August #3

VOD

Have the link to the VOD?

Description

Time

  • Played on: Aug. 17, 2015, 12:56 p.m.
  • Length: 4:38

All games in this series

Show
View Real Time Build Order
Export as new Build Order

TOP Terran 

Build Orders: 1/1/1, Siege Tank Drop 

Get SALT Encoding   

  12  0:01  SCV  
  13  0:13  SCV  
  14  0:18  Supply Depot  
  14  0:25  SCV  
  15  0:40  SCV  
  15  0:41  Barracks  
  16  0:43  Refinery  
  16  0:49  Refinery  
  16  0:53  SCV  
  17  1:05  SCV  
  18  1:17  SCV  
  19  1:30  Factory, Orbital Command  
  19  1:35  Marine  
  20  1:44  Supply Depot  
  20  1:52  Marine  
  21  1:56  SCV  
  22  2:08  SCV  
  22  2:10  Marine  
  22  2:14  Starport  
  24  2:18  Factory Tech Lab  
  24  2:20  SCV  
  25  2:28  Marine  
  26  2:33  SCV  
  26  2:36  Supply Depot  
  27  2:39  Siege Tank  
  30  2:45  SCV  
  31  2:57  Medivac, Marine  
  34  3:03  Supply Depot  
  34  3:15  Marine  
  35  3:30  Command Center  
  35  3:31  Hellion  
  38  3:35  Banshee  
  40  3:44  Supply Depot  
  40  3:50  Barracks Reactor  
  40  3:53  Factory Tech Lab  
  40  3:59  SCV  
  34  4:11  SCV  
  20  4:23  SCV  
Show
View Real Time Build Order
Export as new Build Order

whaleslapper Terran - Winner!

Build Orders: 1/1/1, Siege Tank Drop, Widow Mine Drop 

Get SALT Encoding   

  12  0:01  SCV  
  13  0:13  SCV  
  14  0:18  Supply Depot  
  14  0:26  SCV  
  15  0:32  Refinery  
  15  0:40  SCV  
  16  0:45  Barracks  
  16  0:52  SCV  
  17  1:04  SCV  
  18  1:16  SCV  
  19  1:33  Orbital Command  
  19  1:34  Factory, Marine  
  20  1:41  Supply Depot  
  20  1:52  Marine  
  21  2:00  SCV  
  22  2:02  Refinery  
  22  2:09  Marine  
  22  2:12  SCV  
  24  2:18  Starport  
  24  2:20  Widow Mine  
  24  2:21  Supply Depot  
  26  2:24  SCV  
  26  2:27  Marine  
  28  2:36  SCV  
  29  2:45  Marine  
  29  2:48  SCV  
  29  2:49  Supply Depot, Hellion  
  33  2:55  Medivac  
  35  3:00  SCV  
  35  3:03  Marine  
  37  3:11  Hellion  
  37  3:12  SCV  
  40  3:21  Supply Depot, Marine  
  40  3:24  Viking  
  43  3:36  Factory Tech Lab  
  43  3:39  Barracks Reactor  
  43  3:40  SCV  
  44  3:54  Viking  
  46  3:56  Siege Tank  
  46  4:02  SCV  
  46  4:14  SCV  
  46  4:18  Marine x2  

Tags
 
Add a new tag
Caveats
  • Supply blocks, unpowered buildings, or Contaminate may cause inaccurate times.
  • Supply counts are checked every 10 seconds.